 Dungeon Crawl Stone Soup version 0.14-a0-1969-g2c76abe (webtiles) character file.

79 Kae the Insei (level 3, -4/28 HPs)
             Began as a Draconian Transmuter on Jan 16, 2014.
             Slain by Crazy Yiuf
             ... wielding a +2,+4 quarterstaff of chaos
              (5 damage)
             ... on Level 2 of the Dungeon.
             The game lasted 00:01:33 (1202 turns).

Kae the Insei (Draconian Transmuter)                Turns: 1202, Time: 00:01:33

HP  -4/28        AC  5     Str 12      XL: 3   Next: 62%
MP   6/6         EV 12     Int 13      God:
Gold 26          SH  0     Dex 12      Spells:  3 memorised,  0 levels left

rFire  . . .     SeeInvis .       - Unarmed
rCold  . . .     Clarity  .     (armour unavailable)
rNeg   . . .     Conserve .     (no shield)
rPois  .         rCorr    .     (helmet restricted)
rElec  .         rRot     .     (no cloak)
SustAb . .       Spirit   .     (no gloves)
rMut   .         Warding  .     (no boots)
Saprov . . .     Stasis   .     (no amulet)
MR     .....                    (no ring)
                                (no ring)

@: not resistant to hostile enchantments, unstealthy
A: unfitting armour, AC +5
a: no special abilities


You were on level 2 of the Dungeon.
You were not hungry.

You visited 1 branch of the dungeon, and saw 2 of its levels.

You collected 26 gold pieces.

Inventory:

Missiles
 b - 12 arrows
Comestibles
 a - 2 bread rations
 g - a choko
 i - a pear
 k - a meat ration
Scrolls
 c - a scroll of teleportation {unknown}
 e - a scroll of remove curse {unknown}
 f - 3 scrolls of identify {unknown}
 h - a scroll of blinking {unknown}
Jewellery
 j - an uncursed amulet of resist mutation {unknown}
Books
 d - a book of Changes

   Spells                             Type                      Level
   *Beastly Appendage                 Transmutation                1
   *Sticks to Snakes                  Transmutation                2
   *Spider Form                       Transmutation/Poison         3
   Ice Form                           Ice/Transmutation            4
   Blade Hands                        Transmutation                5


   Skills:
 - Level 1.1 Fighting
 - Level 1.7 Dodging
 * Level 4.2 Unarmed Combat
 - Level 2.0 Spellcasting
 + Level 2.7 Transmutations


You couldn't memorise any spells.
You knew the following spells:

 Your Spells              Type           Power        Failure   Level  Hunger
a - Beastly Appendage     Trmt           #.....       10%         1    ##.....
b - Sticks to Snakes      Trmt           #.........   14%         2    ###....
c - Spider Form           Trmt/Pois      #.........   52%         3    ####...


Dungeon Overview and Level Annotations

Branches:
Dungeon (2/16)

Altars:

Annotations:
D:2 Crazy Yiuf


Message History

The inept door mimic is severely damaged.
The inept door mimic snaps closed at you.
You hit the inept door mimic but do no damage.
The inept door mimic is severely damaged.
The inept door mimic snaps closed at you.
You hit the inept door mimic.
You destroy the inept door mimic!
Crazy Yiuf comes into view.
He is wielding a quarterstaff of chaos.
Crazy Yiuf shouts!
Found a hammer.
You closely miss Crazy Yiuf.
Your tail-slap misses Crazy Yiuf.
Crazy Yiuf hits you with a quarterstaff of chaos.
You hit Crazy Yiuf.
Crazy Yiuf is lightly wounded.
You barely miss Crazy Yiuf.
Crazy Yiuf is lightly wounded.
Crazy Yiuf hits you with a quarterstaff of chaos!
* * * LOW HITPOINT WARNING * * *
Crazy Yiuf burns you.
You die...

#...#
##....###.......##..
#...#
♣♣.)).♣♣#.......####
#####
♣♣♣ff.♣♣#....##..
♣♣♣♣.♣♣♣#.... #...
♣♣♣♣.♣♣ .... #...
♣♣♣.♣♣♣ # ♣♣♣.♣♣♣
♣♣.♣♣♣ ##@##♣ #.g.#
#...# #)..# #####


You could see Crazy Yiuf.

Vanquished Creatures
  Jessica (D:1)
  An inept feature mimic (D:2)
  A ball python (D:1)
  4 giant cockroaches (D:1)
  A goblin (D:1)
  3 hobgoblins (D:1)
  A quokka (D:2)
  4 bats
  4 giant newts
  7 kobolds
  7 rats
34 creatures vanquished.

Notes
Turn   | Place    | Note
--------------------------------------------------------------
     0 | D:1      | Kae, the Draconian Transmuter, began the quest for the Orb.
     0 | D:1      | Reached XP level 1. HP: 16/16 MP: 3/3
   179 | D:1      | Reached XP level 2. HP: 15/23 MP: 4/4
   767 | D:2      | Noticed Jessica
  1093 | D:1      | Killed Jessica
  1093 | D:1      | Reached skill level 4 in Unarmed Combat
  1093 | D:1      | Reached XP level 3. HP: 23/28 MP: 4/6
  1106 | D:2      | Learned a level 2 spell: Sticks to Snakes
  1110 | D:2      | Learned a level 3 spell: Spider Form
  1198 | D:2      | Noticed Crazy Yiuf
  1202 | D:2      | HP: 1/28 [Crazy Yiuf/quarterstaff of chaos (11)]
  1202 | D:2      | Slain by Crazy Yiuf

Action                   || total
-------------------------++-------
Melee: Unarmed           ||   152
 Cast: Beastly Appendage ||     4
  Use: Potion            ||     1
 Stab: Sleeping          ||     1
